 Dungeon Crawl Stone Soup version 0.26-a0-1191-ge2a0e31ab3 (webtiles) character file.

Game seed: 4114046346145353204

111 DuloT34 the Magician (level 4, -2/24 HPs)
             Began as a Deep Elf Ice Elementalist on Dec 28, 2020.
             Killed by divine providence
             ... invoked by an orc priest
              (12 damage)
             ... on level 3 of the Dungeon.
             The game lasted 00:05:49 (2585 turns).

DuloT34 the Magician (Deep Elf Ice Elementalist)    Turns: 2585, Time: 00:05:50

Health: -2/24      AC:  2    Str: 11    XL:     4   Next: 62%
Magic:  22/22      EV: 13    Int: 21    God:
Gold:   53         SH:  0    Dex: 15    Spells: 13/14 levels left

rFire    . . .     SeeInvis .   (no weapon)
rCold    . . .     Faith    .   (no shield)
rNeg     . . .     Spirit   .   a - +0 robe
rPois    .         Reflect  .   (no helmet)
rElec    .         Harm     .   (no cloak)
rCorr    .         Rampage  .   (no gloves)
Will     .....                  (no boots)
Stlth    ++........             (no amulet)
HPRegen  0.08/turn              g - +6 ring of strength
MPRegen  0.18/turn              f - ring of magical power

@: no status effects
A: no striking features
a: no special abilities


You were on level 3 of the Dungeon.
You visited 1 branch of the dungeon, and saw 3 of its levels.

You collected 53 gold pieces.

Inventory:

Armour
 a - a +0 robe (worn)
Jewellery
 f - a ring of magical power (right hand)
 g - a +6 ring of strength (left hand)
Potions
 b - 2 potions of curing {unknown}
 c - 2 potions of degeneration {unknown}
 d - 2 potions of brilliance {unknown}
 e - a potion of magic {unknown}


   Skills:
 - Level 2.4 Dodging
 - Level 2.4 Stealth
 * Level 5.7 Spellcasting
 + Level 5.2 Ice Magic


You had 13 spell levels left.
You knew the following spells:

 Your Spells              Type           Power        Failure   Level
a - Freeze                Ice            100%         1%          1

Your spell library contained the following spells:

 Spells                   Type           Power        Failure   Level
 Frozen Ramparts          Ice            56%          3%          3
 Ozocubu's Armour         Ice            28%          3%          3
 Hailstorm                Conj/Ice       17%          34%         4
 Summon Ice Beast         Ice/Summ       17%          34%         4


Dungeon Overview and Level Annotations

Branches:
Dungeon (3/15)

Altars:


Message History

An orc priest comes into view.
A jackal and an orc come into view.
The orc priest shouts!
The jackal barks!
You hear a shout! x2
A jackal comes into view.
An orc comes into view. It is wielding a +0 club.
An orc comes into view.
The jackal falls through a shaft!
The shaft crumbles and collapses.
The jackal barks!
The orc priest miscasts a cantrip.
A rat comes into view.
A frilled lizard comes into view.
The orc priest mumbles some strange prayers to Beogh against you.
Beogh smites you!
Ouch! That really hurt!
An adder comes into view.
You hear an angry hiss.
The orc priest invokes the aid of Beogh against you.
Beogh smites you!
Ouch! That really hurt!
You die...

............
#...........
#......l....
#...........
#...........
#...........
#............
#...@........
#............
#...h........
#............
#............
#........r...
#.....oo.....
#............
#......(.....


You could see an orc priest, an orc, a jackal, a frilled lizard (wandering) and
a rat.

Vanquished Creatures
  A jelly (D:2)
  Terence (D:2)
  A gnoll (D:2)
  3 dart slugs
  2 leopard geckos (D:1)
  8 bats
  A giant cockroach (D:1)
  4 goblins
  5 hobgoblins
  4 kobolds
  A ball python (D:1)
  A frilled lizard (D:2)
  7 rats
39 creatures vanquished.

Notes
Turn   | Place    | Note
-------+----------+-------------------------------------------
     0 | D:1      | DuloT34 the Deep Elf Ice Elementalist began the quest for
                  | the Orb.
     0 | D:1      | Reached XP level 1. HP: 10/10 MP: 6/6
   243 | D:1      | Reached XP level 2. HP: 12/15 MP: 3/8
   716 | D:1      | Reached XP level 3. HP: 16/19 MP: 5/10
  1435 | D:2      | Reached skill level 5 in Spellcasting
  1435 | D:2      | Reached skill level 5 in Ice Magic
  1668 | D:2      | Reached XP level 4. HP: 21/24 MP: 13/13
  1724 | D:2      | Noticed Terence
  1732 | D:2      | Killed Terence
  2585 | D:3      | Killed from afar by an orc priest

Illustrated notes

Levels and vault maps discovered:
D:1:      dpeg_arrival_simpleton_c, layout_loops_ring, serial_bayou_pond_b
D:2:      layout_loops_corners, uniq_terence
D:3:      layout_basic, uniq_robin

Skill      XL: |  1  2  3 |
---------------+----------+-----
Spellcasting   | 4 5 |  5.7
Ice Magic      | 5 |  5.2
Dodging        | |  2.4
Stealth        | |  2.4

Action                   |  1- 3 |  4- 6 || total
-------------------------+-------+-------++-------
Melee: Unarmed           |    12 |     1 ||    13
 Cast: Freeze            |    49 |    12 ||    61
  Use: Scroll            |     5 |     2 ||     7
       Potion            |       |     1 ||     1
Armor: Robe              |     7 |     1 ||     8
Dodge: Dodged            |    30 |    14 ||    44

Table legend: (Time is in decaauts)
 A = Elapsed time spent in this place.
 B = Non-inter-level travel time spent in this place.
 C = Inter-level travel time spent in this place.
 D = Time resting spent in this place.
 E = Time spent auto-exploring this place.
 F = Levels seen in this place.
 G = Mean time per level.
                   A        B        C        D        E       F      G
               +--------+--------+--------+--------+--------+-----+--------+
         Total |   2585 |   2546 |     39 |    510 |   1757 |   3 |  861.7 |
       Dungeon |   2585 |   2546 |     39 |    510 |   1757 |   3 |  861.7 |
               +--------+--------+--------+--------+--------+-----+--------+

Top non-repeatable levels by time:
     D:2: 1512 daAuts
     D:1: 1054 daAuts
     D:3: 18 daAuts
